[Event "*** Qualifier 1: Titled Tuesday 3|2 Blitz"]
[Site "Chess.com"]
[Date "2017.04.04"]
[Round "4"]
[White "FearlessKing64"]
[Black "ecwinslow"]
[Result "0-1"]
[WhiteElo "2111"]
[BlackElo "2071"]
[TimeControl "180+2"]
[EndTime "13:52:52 PDT"]
[Termination "ecwinslow won by resignation"]

1. e4 d6 2. d4 Nf6 3. Nc3 g6 4. f4 Bg7 5. Nf3 O-O 6. Be2 c5 7.
dxc5 Qa5 8. O-O Qxc5+ 9. Kh1 Bg4 10. Bd3 Nc6 11. Qe1 Nb4 12. Be3 Nxd3 13. cxd3 Qh5 14. Kg1 e6 15. Nd2 e5 16. f5 gxf5 17. h3 f4 18. Bf2 Be6 19. Nf3 Bxh3 20. Bh4 Be6 21. Kf2 Ng4+ 22. Ke2 Bf6 23. Rh1 Qg6 24. Bxf6 Qxf6 25.
Qh4 Qxh4 26. Rxh4 Nf6 27. Rah1 Kg7 28. Ng5 Rh8 29. Kd2 a6 30. Rh6 Rag8 31. d4 exd4 32. Ne2 Ng4 33. Rxh7+ Rxh7 34. Rxh7+ Kf6 35. Nxe6 fxe6 36.
Nxf4 Ne3 37. g3 e5 38. Nh5+ Ke6 39. Rxb7 Rg5 40. Ng7+ Kf6 41. Ne8+ Kg6 42. Rg7+ Kh6 43.
Rxg5 Kxg5 44. Nxd6 Nf1+ 45. Kd3 Nxg3 46. Nc4 Kf4 47.
b4 Nxe4 48. a4 Nc3 49. b5 axb5 50. axb5 Nxb5 51. Nd2 Nd6 52. Ke2 e4 0-1

[Event "*** Qualifier 1: Titled Tuesday 3|2 Blitz"]
[Site "Chess.com"]
[Date "2017.04.04"]
[Round "4"]
[White "rasmussvane"]
[Black "Alexander_Donchenko"]
[Result "0-1"]
[WhiteElo "2502"]
[BlackElo "2589"]
[TimeControl "180+2"]
[EndTime "13:53:00 PDT"]
[Termination "Alexander_Donchenko won by resignation"]

1. e4 c5 2. Nf3 d6 3. Bb5+ Nd7 4. O-O a6 5. Bd3 g6 6. c3 Bg7 7. Bc2 e5 8. d4 Ngf6 9. Nbd2 O-O 10. d5 b5 11. a4 Nb6 12. b3 h6 13.
Re1 Nh5 14. Qe2 Nf4 15. Qf1 Bd7 16. h3 Qf6 17. Nh2 h5 18. Ndf3 g5 19. Be3 Bh6 20. Nd2 Kh8 21. b4 Rg8 22. g4 cxb4 23. Bxb6 bxc3 24.
Nb3 bxa4 25. Nc1 Bb5 26. Nd3 Rab8 27. Be3 Qg6 28. f3 Bg7 29. Rec1 Bf6 30. Bxf4 exf4 31.
Bxa4 Bd4+ 32. Kh1 hxg4 33. Nxg4 f5 34. exf5 Qxf5 35. Bxb5 axb5 36. Nh6 Qxd5 37. Nxg8 Kxg8 38. Nb4 Qb7 39. Qg2 Kh8 40. Rf1 Bc5 41. Nd3 Qd5 42. Nxc5 dxc5 43. Rad1 Qf5 44. h4 b4 45. hxg5 b3 46.
Qh2+ Qh7 47. Rd6 Qxh2+ 48. Kxh2 b2 49. Kg2 b1=Q 50. Rxb1 Rxb1 51. Kh3 c2 52. Kg4 c1=Q 0-1

[Event "*** Qualifier 1: Titled Tuesday 3|2 Blitz"]
[Site "Chess.com"]
[Date "2017.04.04"]
[Round "4"]
[White "superjem123"]
[Black "agser"]
[Result "1-0"]
[WhiteElo "2531"]
[BlackElo "2604"]
[TimeControl "180+2"]
[EndTime "13:53:01 PDT"]
[Termination "superjem123 won on time"]

1. c4 Nf6 2. Nc3 e6 3. e4 d5 4. e5 d4 5. exf6 dxc3 6. bxc3 Qxf6 7. Nf3 Nc6 8. Bd3 e5 9. Be4 Bf5 10. Qc2 Bxe4 11. Qxe4 Qg6 12. Qxg6 hxg6 13. d3 f6 14. Be3 g5 15. O-O-O O-O-O 16. Kc2 Ne7 17. h3 Nf5 18. g4 Nxe3+ 19. fxe3 Bd6 20. e4 Rh6 21. Rd2 Rdh8 22. Rdh2 g6 23. h4 gxh4 24. Rxh4 Bf8 25. Rxh6 Rxh6 26. Rxh6 Bxh6 27. g5 Bg7 28. Kd1 Kd7 29.
Ke2 f5 30. Nh4 f4 31. Nxg6 Ke6 32. Kf3 Kf7 33. Nh4 Bf8 34. Kg4 Ba3 35. Kf5 Bd6 36. Nf3 Kg7 37. d4 exd4 38. cxd4 c6 39. e5 Be7 40. Kxf4 a5 41. Kf5 b5 42. cxb5 cxb5 43. d5 a4 44. d6 Bd8 45. e6 Kf8 46. e7+ Bxe7 47. dxe7+ Kxe7 48. Nd4 b4 49. Nc6+ 1-0

[Event "*** Qualifier 1: Titled Tuesday 3|2 Blitz"]
[Site "Chess.com"]
[Date "2017.04.04"]
[Round "4"]
[White "DuleMudule"]
[Black "VladDobrov"]
[Result "0-1"]
[WhiteElo "2577"]
[BlackElo "2530"]
[TimeControl "180+2"]
[EndTime "13:53:03 PDT"]
[Termination "VladDobrov won by resignation"]

1. d4 Nf6 2. Nc3 d5 3. Bf4 a6 4. Nf3 e6 5. e3 c5 6. dxc5 Bxc5 7. a3 Nc6 8. Bd3 h6 9. O-O Nh5 10. Bg3 Nxg3 11. hxg3 f5 12. Nd4 O-O 13. Nce2 e5 14. Nb3 Ba7 15. Nc3 Be6 16. Qh5 Qf6 17. Rad1 Rad8 18.
Na4 e4 19. Be2 d4 20. Nbc5 Bf7 21. Qh4 g5 22. Qh3 b5 23. Nb7 dxe3 24. Nxd8 exf2+ 25. Kh1 Rxd8 26. Nc3 Nd4 27. Rxf2 Nxe2 28. Rxd8+ Qxd8 29. Rxe2 Qf6 30. g4 Bc4 31. gxf5 Bxe2 32. Nxe2 Bf2 33. Qb3+ Kg7 34. g4 h5 35. Qd5 hxg4 36. Qxe4 g3 37. Kg2 Qxb2 38. Qe7+ Kh6 39. f6 Qxc2 40. Qe6 Kg6 41. f7+ Kg7 42. Nxg3 Bxg3+ 43. Kxg3 Qc3+ 44. Kg4 Qc4+ 45. Kf5 Qxe6+ 46. Kxe6 Kf8 47. Kf5 a5 48. Kxg5 b4 49. Kf4 bxa3 50. Ke3 a2 51. Kd2 a1=Q 0-1

[Event "*** Qualifier 1: Titled Tuesday 3|2 Blitz"]
[Site "Chess.com"]
[Date "2017.04.04"]
[Round "4"]
[White "twitchTriniCupid"]
[Black "Quiet_Desperation"]
[Result "0-1"]
[WhiteElo "2146"]
[BlackElo "2099"]
[TimeControl "180+2"]
[EndTime "13:53:04 PDT"]
[Termination "Quiet_Desperation won by resignation"]

1. d3 d5 2. Nf3 c5 3. g3 Nc6 4.
Bg2 Bg4 5. h3 Bf5 6. Nbd2 Qd7 7.
c4 d4 8. Nb3 e5 9. g4 Be6 10.
Ng5 O-O-O 11. f4 h6 12. Nxe6 Qxe6 13. Bd5 Rxd5 14. cxd5 Qxd5 15. O-O f6 16. e4 dxe3 17. Bxe3 Nd4 18. Bxd4 exd4 19. Qf3 Qxf3 20. Rxf3 Bd6 21.
Rc1 b6 22. Nxd4 Ne7 23. Ne6 Rg8 24. d4 Kd7 25. f5 g6 26. dxc5 bxc5 27. Nxc5+ Bxc5+ 28. Rxc5 gxf5 29. Rc4 h5 30. Rd3+ Ke6 31. Kf2 hxg4 32.
Kg3 gxh3+ 33. Kxh3 Ng6 34. Rg3 Rh8+ 35. Kg2 Nf4+ 36.
Kf3 Nd3 37. b3 Ne5+ 38. Ke3 Nxc4+ 39. bxc4 Rc8 40. Kd4 Rd8+ 41. Kc5 f4 42. Rg1 Ke5 43. Re1+ Kf5 44. Kc6 f3 45. c5 Kf4 46. Kc7 Rd2 47. Rc1 f2 48. c6 Re2 49. Kb7 Re1 50. Rc4+ Ke5 51. c7 f1=Q 52. c8=Q Qf3+ 53. Qc6 Qxc6+ 54.
Rxc6 Ra1 55. Ra6 f5 56. Kxa7 f4 57. Ra5+ Ke4 58. a4 f3 0-1

[Event "*** Qualifier 1: Titled Tuesday 3|2 Blitz"]
[Site "Chess.com"]
[Date "2017.04.04"]
[Round "4"]
[White "PaulfromSPb"]
[Black "VSERGUEI"]
[Result "1-0"]
[WhiteElo "2544"]
[BlackElo "2556"]
[TimeControl "180+2"]
[EndTime "13:53:07 PDT"]
[Termination "PaulfromSPb won by checkmate"]

1. d4 d5 2. Bg5 f6 3. Bh4 Nh6 4. Nf3 Nf5 5. Bg3 c5 6. c3 Nc6 7. e3 Qb6 8. Qb3 c4 9. Qc2 Nxg3 10. hxg3 Bf5 11. Qc1 e5 12. Nh4 Be6 13. Ng6 Rg8 14.
Nxf8 Kxf8 15. Rxh7 Bf5 16. Rh5 Bg6 17. Rh4 Kf7 18.
Be2 Rae8 19. Kf1 Rh8 20. Nd2 Rxh4 21. gxh4 Qc7 22. g3 Ne7 23. Bf3 Bd3+ 24. Kg1 e4 25. Bg2 g5 26. Qd1 Rh8 27. hxg5 f5 28. f4 exf3 29.
Qxf3 Be4 30. Nxe4 dxe4 31. Qf4 Qxf4 32. gxf4 Nd5 33. Kf2 b5 34. a4 b4 35. Bf1 Kg6 36. Bxc4 Nb6 37. Bf1 Rh2+ 38. Bg2 Nc4 39. Kg3 Rh8 40.
Re1 b3 41. Bf1 Nxb2 42. Rb1 Nxa4 43. Rxb3 Rh1 44. Kg2 Rh7 45. c4 Nb6 46. c5 Nd5 47. Bc4 Nc7 48. Rb7 a5 49. Ra7 Nd5 50. Ra6+ Kh5 51.
Bxd5 Kg4 52. Bc4 a4 53. Be2+ Kh4 54. Rh6+ Rxh6 55. gxh6 a3 56. h7 a2 57. h8=Q# 1-0

[Event "*** Qualifier 1: Titled Tuesday 3|2 Blitz"]
[Site "Chess.com"]
[Date "2017.04.04"]
[Round "4"]
[White "AlexanderL"]
[Black "Indianlad"]
[Result "1-0"]
[WhiteElo "2554"]
[BlackElo "2550"]
[TimeControl "180+2"]
[EndTime "13:53:08 PDT"]
[Termination "AlexanderL won on time"]

1. e4 e5 2. Nf3 Nc6 3. Nc3 Nf6 4. a3 d5 5. exd5 Nxd5 6. Bb5 Nxc3 7.
bxc3 Bd6 8. d4 exd4 9. cxd4 O-O 10. h3 Bf5 11. O-O Ne7 12. Re1 c6 13. Bd3 h6 14. c4 Bxd3 15. Qxd3 Ng6 16. Rb1 Qd7 17. Bd2 Rae8 18. a4 Rxe1+ 19. Rxe1 Re8 20. Rb1 Bf4 21. Be3 Qe7 22. Rb3 b6 23. Qd2 Bxe3 24. Rxe3 Qd8 25. Rxe8+ Qxe8 26. a5 Qe4 27. axb6 axb6 28. d5 cxd5 29.
cxd5 Kf8 30. d6 Ke8 31. Qc3 Qb1+ 32. Kh2 Qf5 33. Qc6+ Kd8 34. Qxb6+ Kd7 35. Qc7+ Ke8 36. Qc6+ Qd7 37. Qd5 Qe6 38. Qc5 f6 39. g3 Nf8 40.
Nd4 Qe5 41. Qc6+ 1-0

[Event "*** Qualifier 1: Titled Tuesday 3|2 Blitz"]
[Site "Chess.com"]
[Date "2017.04.04"]
[Round "4"]
[White "alturas_pacificas"]
[Black "BjarkeSahl"]
[Result "0-1"]
[WhiteElo "2043"]
[BlackElo "2182"]
[TimeControl "180+2"]
[EndTime "13:53:15 PDT"]
[Termination "BjarkeSahl won on time"]

1. d4 d6 2. Bf4 f5 3. e3 Nf6 4. h3 g6 5. g4 fxg4 6. hxg4 Bxg4 7. f3 Bc8 8. c4 Bg7 9. Nc3 Nc6 10. d5 e5 11. Bh6 Bxh6 12. Rxh6 Ne7 13. Bd3 Bf5 14. Rh1 Bxd3 15. Qxd3 Qd7 16. O-O-O O-O-O 17. Nge2 Kb8 18. b4 c6 19. Kb2 cxd5 20. Nxd5 Nexd5 21. cxd5 Qa4 22. a3 Rc8 23. Rc1 Qd7 24. Nc3 a6 25.
Kb3 Rc7 26. Na4 Rxc1 27. Rxc1 Qb5 28. Qxb5 axb5 29. Nb6 h5 30. f4 exf4 31. e4 Ka7 32. Nc8+ Kb8 33. Nxd6 h4 34. Nxb5 h3 35. d6 h2 36. e5 h1=Q 37. Rxh1 Rxh1 38. exf6 Rh7 39. Nd4 Rf7 40. d7 Kc7 41. Ne6+ Kxd7 42. Nxf4 Rxf6 43.
Nd5 Rd6 44. Nf4 g5 45. Nh5 Rh6 46. Ng7 g4 47. Nf5 g3 48. Nxh6 g2 49. Ng4 g1=Q 50. Ne5+ Ke6 51. Nc4 Qd1+ 52. Kc3 Qc1+ 53. Kb3 b5 54.
Nb2 Kd5 55. a4 Kd4 56. axb5 Qc3+ 57. Ka2 Qxb4 0-1

[Event "*** Qualifier 1: Titled Tuesday 3|2 Blitz"]
[Site "Chess.com"]
[Date "2017.04.04"]
[Round "4"]
[White "TooOldTooSlow70"]
[Black "politeplayer"]
[Result "1-0"]
[WhiteElo "2290"]
[BlackElo "2104"]
[TimeControl "180+2"]
[EndTime "13:53:20 PDT"]
[Termination "TooOldTooSlow70 won by checkmate"]

1. Nf3 d5 2. g3 Nf6 3. Bg2 e6 4. O-O c5 5. c4 Nc6 6. cxd5 exd5 7. d4 Be7 8. Nc3 O-O 9. Bg5 c4 10. b3 Qa5 11. Bd2 Qa6 12. bxc4 Qxc4 13. Ne5 Qxd4 14. Nd3 Be6 15. Rc1 Ne4 16. Be1 Ba3 17.
Rc2 Nxc3 18. Bxc3 Qa4 19. Qb1 Rad8 20. Nb2 Qa6 21. Nd3 Bf5 22. Rd1 Rfe8 23. Bf1 d4 24. Be1 Bf8 25. Rb2 b6 26. Qc1 Ba3 27. Qxc6 Bxd3 28.
Rbd2 Be4 29. Qc7 Bd6 30. Qc1 Be5 31. f3 Ba8 32. Bf2 Qa4 33. e4 Rc8 34. Qb1 Red8 35. Bd3 f5 36. Re1 f4 37. Kg2 Rc3 38. Bc2 Qa3 39.
Bb3+ Kh8 40. Red1 Qc5 41. gxf4 Bxf4 42. Rxd4 Qg5+ 43. Kh1 Rxd4 44. Rxd4 Rxf3 45. Qd1 Bc7 46. Qxf3 Qc1+ 47. Kg2 Qg5+ 48. Bg3 h6 49. Qf8+ Kh7 50. Bg8+ Kg6 51. Qf7# 1-0

[Event "*** Qualifier 1: Titled Tuesday 3|2 Blitz"]
[Site "Chess.com"]
[Date "2017.04.04"]
[Round "4"]
[White "PowerThinking2650"]
[Black "Vamostodorecto"]
[Result "1-0"]
[WhiteElo "2174"]
[BlackElo "2334"]
[TimeControl "180+2"]
[EndTime "13:53:23 PDT"]
[Termination "PowerThinking2650 won by resignation"]

1. e4 e5 2. Nf3 Nc6 3. Nc3 Nf6 4. d4 exd4 5. Nxd4 Bb4 6. Nxc6 bxc6 7. Bd3 d5 8. exd5 cxd5 9. O-O O-O 10. Bg5 c6 11. Qf3 Bd6 12. Bxf6 Qxf6 13. Qxf6 gxf6 14. Ne2 Rb8 15. b3 Be5 16. Rad1 Re8 17. Ng3 c5 18. c4 dxc4 19. Bxc4 Be6 20. Bxe6 Rxe6 21. Nf5 h5 22. Rd7 Ra6 23. Nh6+ Kg7 24. Nxf7 Kg6 25. Nxe5+ fxe5 26. Rd2 Kf5 27. Rc1 Rb5 28.
f3 Ra3 29. Rc4 Rba5 30. Rcc2 Rb5 31. Re2 a5 32. Rc4 a4 33. bxa4 Rb1+ 34. Kf2 Ra1 35. Rxc5 R1xa2 36. Rxe5+ Kg6 37. Re4 Rxa4 38. Rxa4 Rxa4 39.
Re5 Ra2+ 40. Kg3 Rb2 41. Kh3 Rb3 42. Kh4 Rb2 43. Rg5+ Kf6 44. Kxh5 Rb8 45. Kh4 Rh8+ 46. Rh5 Rg8 47. g3 Re8 48. f4 Re2 49. h3 Rg2 50.
Kg4 Rb2 51. Rh6+ Kg7 52. Ra6 Rb5 53. h4 Rc5 54. f5 Rc4+ 55. Kg5 Rc5 56. g4 Rb5 57.
Ra7+ Kg8 58. Kg6 Kf8 59. f6 1-0

[Event "*** Qualifier 1: Titled Tuesday 3|2 Blitz"]
[Site "Chess.com"]
[Date "2017.04.04"]
[Round "4"]
[White "Noukii"]
[Black "kleinebeer98"]
[Result "0-1"]
[WhiteElo "2660"]
[BlackElo "2488"]
[TimeControl "180+2"]
[EndTime "13:53:29 PDT"]
[Termination "kleinebeer98 won by resignation"]

1. d4 Nf6 2. Nf3 e6 3. Bg5 c5 4. e3 h6 5. Bh4 Nc6 6. c3 d5 7. Nbd2 g5 8. Bg3 Nh5 9. Bd3 Nxg3 10. hxg3 cxd4 11. exd4 Bg7 12. Qe2 Bd7 13. O-O O-O 14.
Rfe1 Rb8 15. a4 a6 16. Nb3 Qe7 17. a5 Rfe8 18. Ne5 Nxe5 19. dxe5 f6 20. exf6 Qxf6 21. Nc5 Bc6 22. g4 e5 23. Bf5 e4 24. Rad1 Rbd8 25. Qe3 h5 26. Rd2 hxg4 27. Bxg4 Bf8 28. Nb3 Bd6 29. g3 Kg7 30. Nd4 Bd7 31. Bxd7 Rxd7 32.
Nc2 Be5 33. Red1 Rh8 34. Rxd5 Rf7 35. Kf1 Qf3 36. Qxf3 exf3 37. Ke1 Bxg3 38. fxg3 f2+ 39. Ke2 f1=Q+ 40. Rxf1 Rh2+ 41. Kd3 Rxf1 42. Rxg5+ Kf6 43. Ne3 Kxg5 44. Nxf1 Rxb2 45. Ne3 Ra2 46. Nc4 Kg4 47. Kd4 Kxg3 48. Kc5 Rc2 49. Kb4 Kf4 50. Nd6 Ke5 51.
Nxb7 Rb2+ 0-1

[Event "*** Qualifier 1: Titled Tuesday 3|2 Blitz"]
[Site "Chess.com"]
[Date "2017.04.04"]
[Round "4"]
[White "Ginger_GM"]
[Black "RichardLeyvaP"]
[Result "0-1"]
[WhiteElo "2467"]
[BlackElo "2371"]
[TimeControl "180+2"]
[EndTime "13:53:29 PDT"]
[Termination "RichardLeyvaP won by resignation"]

1. e4 e5 2. f4 Nc6 3. Nf3 f5 4.
exf5 e4 5. Ne5 Nxe5 6. fxe5 Qe7 7. d4 exd3 8. Qh5+ Kd8 9. Bxd3 Qxe5+ 10. Kd1 Nf6 11.
Qf3 d5 12. Nc3 Bd6 13. Re1 Qxh2 14. Nxd5 Nxd5 15. Qxd5 Qh5+ 16. Be2 Qh4 17. g3 Qxg3 18. a4 c6 19. Bg5+ Kc7 20. Qf7+ Bd7 21. Be7 Bxe7 22.
Qxe7 Rhe8 23. Qc5 Rad8 24. Qa5+ Kb8 25. Bd3 Rxe1+ 26. Qxe1 Qxe1+ 27. Kxe1 Rf8 28. Kd2 Bxf5 29. Rg1 g6 30. Bc4 Kc7 31. Kc3 h5 32. b4 b6 33. Re1 Kd6 34. b5 c5 35. Rd1+ Kc7 36. Re1 Rd8 37. Re7+ Rd7 38. Re8 Kd6 39. a5 bxa5 40. Rc8 Rc7 41. Rd8+ Ke5 42. Rd5+ Kf4 43.
Rd6 h4 44. Bd5 h3 45. Rd8 g5 46. Rf8 Re7 47. Kc4 g4 48. Kxc5 g3 49. Kd6 Re5 50. c4 g2 51. Rg8 Rxd5+ 52. cxd5 Bg4 53. Rf8+ Kg3 54. Ke7 g1=Q 55. d6 Qe3+ 56. Kd8 Qc5 57. Rf6 Qxb5 58. Rf7 Qc6 59. d7 Qxd7+ 60. Rxd7 Bxd7 0-1

[Event "*** Qualifier 1: Titled Tuesday 3|2 Blitz"]
[Site "Chess.com"]
[Date "2017.04.04"]
[Round "4"]
[White "GamayevOleg"]
[Black "VerdeNotte"]
[Result "1-0"]
[WhiteElo "2417"]
[BlackElo "2557"]
[TimeControl "180+2"]
[EndTime "13:53:35 PDT"]
[Termination "GamayevOleg won on time"]

1. f4 g6 2. d3 Bg7 3. e4 d5 4. Nf3 dxe4 5. dxe4 Qxd1+ 6. Kxd1 Bg4 7. Be2 Nc6 8. c3 O-O-O+ 9. Nfd2 Nf6 10. Bxg4+ Nxg4 11. Ke2 e5 12. f5 gxf5 13. exf5 e4 14. h3 Nf6 15. Nc4 Nh5 16. Kf2 Bf6 17. g4 Bh4+ 18. Kg2 Ng3 19. Re1 Nxf5 20. Rxe4 Rd1 21. Nbd2 Nd6 22.
Nxd6+ cxd6 23. Nb3 d5 24. Re2 f5 25. Be3 Rxa1 26.
Nxa1 fxg4 27. hxg4 Re8 28. Kf1 Ne5 29. Bd4 Rf8+ 30.
Kg2 Ng6 31. Be3 Nf4+ 32. Bxf4 Rxf4 33. Kh3 Bf6 34. Nc2 Kd7 35. Kg3 Ra4 36. a3 Bg5 37. Nd4 Bf6 38. Nf3 Kd6 39. Rh2 d4 40. Rh6 dxc3 41.
bxc3 Ke7 42. Rxh7+ Kf8 43. Rxb7 Rxa3 44. g5 Bxc3 45. Kg4 Bg7 46. Nh4 Ra1 47. Nf5 Be5 48.
Kh5 a5 49. Kg6 Bf4 50. Ra7 Rb1 51. Kh5 1-0

[Event "*** Qualifier 1: Titled Tuesday 3|2 Blitz"]
[Site "Chess.com"]
[Date "2017.04.04"]
[Round "4"]
[White "macko06"]
[Black "iaraldinho"]
[Result "1-0"]
[WhiteElo "2337"]
[BlackElo "2401"]
[TimeControl "180+2"]
[EndTime "13:53:35 PDT"]
[Termination "macko06 won by resignation"]

1. d4 f5 2. Nc3 Nf6 3. Bg5 e6 4.
e4 fxe4 5. Nxe4 Be7 6. Bxf6 Bxf6 7.
Nf3 O-O 8. Bd3 d5 9. Ng3 c5 10.
c3 Nc6 11. O-O e5 12. dxe5 Bxe5 13. Nxe5 Nxe5 14. Bxh7+ Kxh7 15. Qh5+ Kg8 16. Qxe5 Re8 17. Qh5 Be6 18. Rad1 Qb6 19. Qg5 Bf7 20. Nf5 Qf6 21.
Qxf6 gxf6 22. Nh6+ Kg7 23. Nxf7 Kxf7 24. Rxd5 b6 25.
Rd2 Re7 26. Rfd1 Kg6 27. g3 Rae8 28. Kg2 b5 29. h4 Re4 30. Rd7 Re2 31. R1d2 a5 32.
R7d5 b4 33. Kf3 Rxd2 34. Rxd2 Re5 35. cxb4 axb4 36. a3 bxa3 37. bxa3 c4 38. Rc2 Ra5 39. Rxc4 Rxa3+ 40. Kg2 Ra2 41. Rf4 Rb2 42. Kh3 Ra2 43. f3 Ra1 44. g4 Rh1+ 45. Kg3 Rg1+ 46. Kf2 Ra1 47. Re4 Ra6 48. Kg3 f5 49. Rf4 fxg4 50.
fxg4 Ra3+ 51. Rf3 Ra4 52. h5+ Kg5 53. Rf5+ Kh6 54. Kh4 Rb4 55. Rf6+ Kg7 56. Rg6+ Kh7 57. Rf6 Kg7 58. Rf5 Kh6 59. Rc5 Ra4 60. Re5 Rb4 61. Re6+ Kg7 62. Kg5 Rb5+ 63. Kf4 Rb4+ 64. Kf5 Rb1 65. Re7+ Kf8 66. Ra7 Rb5+ 67. Kg6 Rb6+ 68.
Kg5 Rb5+ 69. Kh4 Rb4 70. h6 Kg8 71. Kh5 Rb6 72. g5 Rb5 73. Ra8+ Kh7 74. Ra7+ Kh8 75. Re7 Ra5 76. Re6 Kh7 77. Re7+ Kh8 78. Kg6 Ra6+ 79. Kf5 Ra5+ 80. Kf6 Ra8 81. g6 Ra6+ 82. Re6 Ra8 83. Kf7 Rf8+ 84. Ke7 Rf1 85. Rf6 Re1+ 86. Kf7 Rg1 87.
g7+ Kh7 88. Rf4 Rg2 89. Kf8 Rg6 90. Rf7 Rf6 91. g8=Q+ 1-0

[Event "*** Qualifier 1: Titled Tuesday 3|2 Blitz"]
[Site "Chess.com"]
[Date "2017.04.04"]
[Round "4"]
[White "Titus369"]
[Black "johnathan113"]
[Result "0-1"]
[WhiteElo "2184"]
[BlackElo "2392"]
[TimeControl "180+2"]
[EndTime "13:53:38 PDT"]
[Termination "johnathan113 won by checkmate"]

1. e4 g6 2. d4 Nf6 3. Nc3 d5 4. e5 Ne4 5. Nf3 c5 6. Be3 Nc6 7. Bb5 Qa5 8. O-O Nxc3 9. Bxc6+ bxc6 10.
Qe1 Ba6 11. Bd2 Qb5 12. Bxc3 Qxf1+ 13. Qxf1 Bxf1 14. Kxf1 cxd4 15. Nxd4 Kd7 16. e6+ fxe6 17. Nxe6 Rg8 18. Nc5+ Kc8 19. Ne6 Kd7 20. Re1 a5 21.
Nc5+ Kd6 22. Bd4 Kc7 23. Re6 Re8 24. Be5+ Kb6 25. Na4+ Kb7 26. Nc5+ Kb6 27. Na4+ Ka7 28. Rxc6 Bg7 29. Rc7+ Kb8 30. Bg3 e5 31. Rc5 Rc8 32.
Rb5+ Kc7 33. Rxd5 Rgd8 34. Rc5+ Kd6 35. Rxc8 Rxc8 36. c3 Rb8 37. b3 Kd5 38. Ke2 Bf8 39.
c4+ Ke6 40. Nb2 Bc5 41. Nd3 Bd4 42. f3 g5 43. Be1 a4 44. b4 Rc8 45. c5 Kd5 46. Bd2 h6 47. Kd1 Kc4 48. Kc2 Rg8 49. h3 h5 50. Nc1 g4 51. hxg4 hxg4 52. Ne2 gxf3 53. gxf3 Rg2 54. Nxd4 exd4 55. c6 d3+ 56. Kd1 Rg1+ 57. Be1 Rg6 58. c7 Rc6 59. Bg3 Kxb4 60. Kd2 Kc4 61. a3 Kd4 62. Bf2+ Kd5 63. Bg3 Kc4 64.
Bf4 Kd4 65. Be3+ Kd5 66. Bf4 Kd4 67. Bg3 Rc2+ 68. Kd1 Ke3 69. f4 Rxc7 70. f5 Rf7 71. Be1 Rxf5 72. Bd2+ Ke4 73. Bb4 Rh5 74. Kd2 Rh2+ 75.
Kc3 Rc2# 0-1

[Event "*** Qualifier 1: Titled Tuesday 3|2 Blitz"]
[Site "Chess.com"]
[Date "2017.04.04"]
[Round "4"]
[White "MorpheusPro"]
[Black "aa175"]
[Result "1-0"]
[WhiteElo "2082"]
[BlackElo "1877"]
[TimeControl "180+2"]
[EndTime "13:53:43 PDT"]
[Termination "MorpheusPro won by checkmate"]

1. d4 d5 2. c4 dxc4 3. Nc3 Nf6 4. Nf3 Bg4 5. Ne5 Be6 6. Bg5 h6 7. Bh4 c6 8. a4 Nbd7 9. Nf3 a6 10. a5 b5 11. axb6 Nxb6 12. e3 Nbd5 13. Be2 Nxc3 14.
bxc3 Ne4 15. Qc2 Bf5 16. Qc1 g5 17. Bg3 Nxg3 18. hxg3 Bg7 19. Bxc4 a5 20. Qd2 e6 21. O-O O-O 22. Bd3 Bg4 23. Ra4 Qf6 24. Ne5 Bh5 25.
Nd7 Qe7 26. Nxf8 Qxf8 27. Rfa1 Qd8 28. Be4 Qb6 29. Rb1 Qc7 30. Qb2 Bf8 31. Rc4 c5 32. Bxa8 Be2 33. Ra4 cxd4 34. Qxe2 dxc3 35. Qc2 Bb4 36.
Be4 Qc4 37. Bd3 Qc5 38. Bh7+ Kg7 39. Bd3 f5 40. Rba1 Kf6 41. Qb3 Ke5 42. Qc4 Qb6 43. Rc1 Qc5 44. Rxc3 Qxc4 45. Rxc4 Kd5 46. Rcxb4 Ke5 47.
Rb5+ Kf6 48. Raxa5 e5 49. Rxe5 Kf7 50. Rxf5+ Ke8 51.
Rfb5 Kd8 52. Rb6 Kc8 53. Rxh6 Kd8 54. Rxg5 Ke8 55. Rg7 Kf8 56. Ra7 Ke8 57. Rh8# 1-0

[Event "*** Qualifier 1: Titled Tuesday 3|2 Blitz"]
[Site "Chess.com"]
[Date "2017.04.04"]
[Round "4"]
[White "nonscitis"]
[Black "Rock700chess"]
[Result "1/2-1/2"]
[WhiteElo "2352"]
[BlackElo "2205"]
[TimeControl "180+2"]
[EndTime "13:53:48 PDT"]
[Termination "Game drawn by repetition"]

1. e4 e6 2. d4 d5 3. Nd2 Nf6 4.
e5 Nfd7 5. Bd3 c5 6. c3 Nc6 7. Ne2 Be7 8. O-O O-O 9. Nf3 f6 10. exf6 Nxf6 11. h3 Qc7 12. Be3 e5 13. dxe5 Nxe5 14.
Nxe5 Qxe5 15. Bf4 Qe6 16. Re1 Ne4 17. f3 Nf6 18. Nd4 Qf7 19. Nf5 Re8 20. Bg5 Bxf5 21.
Bxf5 Bd6 22. Qd2 h6 23. Be3 Bg3 24. Bf2 Bxf2+ 25. Qxf2 b6 26. Rad1 Rad8 27. Bc2 a6 28.
Bb3 c4 29. Bc2 b5 30. Qd4 Qb7 31. Kf2 Kf7 32. Rxe8 Rxe8 33. Re1 Rxe1 34. Kxe1 a5 35. a3 b4 36. axb4 axb4 37. Kf2 bxc3 38. bxc3 Qb2 39. Qd2 Qb6+ 40. Kf1 Qd6 41. Qd4 Ke6 42. Kf2 Qe5 43. Qb6+ Kd7 44. Qb7+ Ke6 45. Qc8+ Kd6 46. Qb8+ Ke6 47. Qc8+ Kd6 48. Qf8+ Ke6 49. Qb4 Qc7 50.
Qa4 Qc5+ 51. Kf1 Qe3 52. Qc6+ Kf7 53. Qc7+ Ke6 54. Qc8+ Ke5 55. Qc7+ Ke6 56. Qc8+ Kd6 57. Qd8+ Ke6 58. Qc8+ Ke5 59. Qc7+ Ke6 60. Qc8+ Ke5 61. Qb8+ Ke6 62. Qc8+ 1/2-1/2

[Event "*** Qualifier 1: Titled Tuesday 3|2 Blitz"]
[Site "Chess.com"]
[Date "2017.04.04"]
[Round "4"]
[White "TheLancer"]
[Black "severomorskij"]
[Result "0-1"]
[WhiteElo "2462"]
[BlackElo "2640"]
[TimeControl "180+2"]
[EndTime "13:53:55 PDT"]
[Termination "severomorskij won by resignation"]

1. e4 c5 2. Nc3 e6 3. f4 a6 4. a4 d5 5. Nf3 Nc6 6. g3 d4 7. Nb1 Nf6 8. d3 c4 9. Bg2 Bb4+ 10.
Nfd2 cxd3 11. cxd3 e5 12. f5 Nd7 13. O-O Rb8 14. Nc4 b5 15. axb5 axb5 16. Nca3 O-O 17. g4 Be7 18. Nd2 Nc5 19. Nf3 f6 20. h4 Nb4 21.
Ne1 Kh8 22. Nac2 Nxc2 23. Qxc2 Bd7 24. b4 Na4 25. Bd2 Rc8 26. Qd1 Nc3 27. Qf3 Bxb4 28. Kh1 Nd5 29. Bxb4 Nxb4 30. Ra7 Nc6 31. Rb7 Na5 32.
Ra7 Nc6 33. Rb7 Rb8 34. Rxb8 Nxb8 35. Bh3 Nc6 36. Rg1 b4 37. g5 b3 38. Qe2 Qe7 39. Qb2 Rb8 40. gxf6 Qxf6 41. Nf3 h6 42. Rg6 Qf8 43. f6 gxf6 44. Bxd7 Qf7 45. Bf5 Ne7 46. Rxh6+ Kg8 47. Qg2+ Qg7 48. Be6+ Kf8 49. Rh5 b2 50. Nd2 b1=Q+ 51. Nxb1 Rxb1+ 52. Kh2 Qxg2+ 53. Kxg2 Ng6 54. Kf3 Nf4 55. Rh8+ Kg7 56. Rg8+ Kh7 57. Bc4 Rf1+ 58. Kg4 Rg1+ 59. Kf5 Rxg8 60. Bxg8+ Kxg8 61. Kxf6 Nxd3 62. h5 Nf2 63. Kxe5 d3 0-1

[Event "*** Qualifier 1: Titled Tuesday 3|2 Blitz"]
[Site "Chess.com"]
[Date "2017.04.04"]
[Round "4"]
[White "AnkitGajwa"]
[Black "Bengalas"]
[Result "0-1"]
[WhiteElo "1732"]
[BlackElo "2283"]
[TimeControl "180+2"]
[EndTime "13:54:00 PDT"]
[Termination "Bengalas won by resignation"]

1. e4 c5 2. Nf3 e6 3. d4 cxd4 4. Nxd4 Nc6 5. Nc3 Qc7 6. Be3 a6 7. Qf3 Nf6 8. O-O-O Nxd4 9. Bxd4 Bd6 10. Kb1 Be5 11. Bxe5 Qxe5 12. Qg3 Qxg3 13. hxg3 Ke7 14. f3 d6 15. g4 g5 16. Rh6 Rg8 17. Bd3 Rg6 18.
Rh2 Rg8 19. Rdh1 Bd7 20. e5 dxe5 21. Ne4 Nd5 22. g3 Bc6 23. a3 Nf6 24. Nxf6 Kxf6 25. Be4 Bxe4 26. fxe4 Rg7 27. Rxh7 Rxh7 28. Rxh7 Rd8 29.
Rh6+ Ke7 30. Rh1 Rd2 31. Re1 Rf2 32. Re3 b5 33. b4 Kd6 34. Kb2 f5 35. gxf5 exf5 36.
exf5 Rxf5 37. Kb3 g4 38. Kc3 Kd5 39. Kd3 Rf3 40. Ke2 e4 41. Kd2 Kd4 42. c3+ Kd5 43. Ke2 Ke5 44. Kd2 Rf2+ 45. Re2 Rf3 46. Rh2 Rxg3 47. Rh6 Rd3+ 48. Ke2 Rd6 49. Rh5+ Kf4 50.
Rc5 g3 51. c4 Rh6 52. cxb5 Rh2+ 53. Kf1 axb5 54. Rxb5 e3 55. Rb8 Rf2+ 56. Ke1 g2 57.
Rf8+ Ke4 58. Rxf2 g1=Q+ 59. Rf1 Qg2 0-1